[Event "Titled Tuesday Blitz September 27 Early 2022"]
[White "Cruz, Jonathan"]
[Black "Harsha Bharathakoti"]
[WhiteFideId "3802124"]
[BlackFideId "5078776"]
[WhiteElo "2406"]
[BlackElo "2523"]
[Result "0-1"]
[Round "04"]
[TimeControl "180+1"]
[Date "2022.09.27"]
[WhiteClock "0:01:07"]
[BlackClock "0:01:47"]

1. e4 Nc6 2. Nf3 d6 3. d4 Nf6 4. Nc3 g6 5. h3 Bg7 6. a3 O-O 7. Bb5 a6 8. Ba4 b5 9. Bb3 Bb7 10. Qe2 e5 11. dxe5 dxe5 12. Bg5 Nd4 13. Nxd4 exd4 14. Nd5 Re8 15. O-O-O Bxd5 16. Rxd4 Rxe4 17. Rxd5 Rxe2 0-1


[Site "https://www.chess.com"]

[Event "Titled Tuesday Blitz September 27 Early 2022"]
[White "Csonka, Balazs"]
[Black "Grandelius, Nils"]
[WhiteFideId "742910"]
[BlackFideId "1710400"]
[WhiteElo "2404"]
[BlackElo "2617"]
[Result "1-0"]
[Round "04"]
[TimeControl "180+1"]
[Date "2022.09.27"]
[WhiteClock "0:00:06"]
[BlackClock "0:00:46"]

1. d4 d5 2. Nf3 e6 3. c4 a6 4. cxd5 exd5 5. Nc3 h6 6. Qb3 Nf6 7. e4 Nxe4 8. Nxe4 dxe4 9. Ne5 Qe7 10. Bc4 Qb4+ 11. Bd2 Qxb3 12. Bxb3 Be6 13. Bxe6 fxe6 14. O-O Nd7 15. Nxd7 Kxd7 16. Rae1 Bd6 17. Rxe4 Rae8 18. Rfe1 Rhf8 19. g3 Rf5 20. Kg2 Rd5 21. Bc3 b5 22. a3 Rf5 23. h4 Re7 24. R1e2 Rd5 25. Re1 Rf5 26. R1e2 Rf8 27. Re1 Rb8 28. R1e2 Ra8 29. h5 a5 30. d5 exd5 31. Rxe7+ Bxe7 32. Bxg7 Ra6 33. f4 c5 34. g4 d4 35. g5 hxg5 36. h6 d3 37. Rd2 Bf6 38. Bxf6 Rxf6 39. fxg5 Rg6 40. Rxd3+ Ke6 41. h7 Rxg5+ 42. Rg3 Rh5 43. Rh3 Rxh7 44. Rxh7 Kd5 45. Kf3 Kc4 46. Rh5 b4 47. axb4 axb4 48. Ke2 Kb3 49. Rxc5 Kxb2 50. Kd3 b3 51. Rb5 Ka1 52. Rxb3 Ka2 53. Kc2 Ka1 54. Ra3# 1-0


[Site "https://www.chess.com"]

[Event "Titled Tuesday Blitz September 27 Early 2022"]
[White "Curtis, John"]
[Black "Pham, Khoi"]
[WhiteFideId "3200256"]
[BlackFideId "1054988"]
[WhiteElo "2203"]
[BlackElo "2439"]
[Result "0-1"]
[Round "04"]
[TimeControl "180+1"]
[Date "2022.09.27"]
[WhiteClock "0:00:01"]
[BlackClock "0:00:41"]

1. e4 e6 2. d3 d5 3. Nd2 Nf6 4. Ngf3 c5 5. Be2 Nc6 6. O-O Be7 7. b3 O-O 8. Bb2 b5 9. a4 bxa4 10. Rxa4 a5 11. Re1 Ba6 12. Bf1 Bb5 13. Ra2 Qc7 14. Qa1 Nb4 15. Be5 Qb6 16. Rb2 Nd7 17. exd5 exd5 18. c4 Bc6 19. Bxg7 Rfe8 20. Bc3 d4 21. Bxb4 axb4 22. Ra2 Rxa2 23. Qxa2 Ra8 24. Qb1 Bf8 25. Ne5 Nxe5 26. Rxe5 Bg7 27. Re1 Bb7 28. Be2 Qh6 29. Bf3 Qxd2 30. Bxb7 Ra2 31. Rf1 Bh6 32. Qd1 Qxd1 33. Rxd1 Rb2 34. g3 Rxb3 35. f4 Rc3 36. Bc6 b3 37. Rb1 Rxd3 38. Ba4 Rc3 39. Bxb3 Bg7 40. Kf1 d3 41. Ke1 Bd4 42. Kd2 Kg7 43. h4 Kf6 44. g4 Kg6 45. h5+ Kh6 46. Bd1 Kg7 47. g5 h6 48. Rb7 Rxc4 49. Kxd3 Rc1 0-1


[Site "https://www.chess.com"]

[Event "Titled Tuesday Blitz September 27 Early 2022"]
[White "Czernek, Tymon"]
[Black "Nigmatov, Ortik"]
[WhiteFideId "1199510"]
[BlackFideId "14202131"]
[WhiteElo "2007"]
[BlackElo "2378"]
[Result "0-1"]
[Round "04"]
[TimeControl "180+1"]
[Date "2022.09.27"]
[WhiteClock "0:00:11"]
[BlackClock "0:00:21"]

1. e4 c5 2. Nf3 d6 3. d4 cxd4 4. Nxd4 Nf6 5. Nc3 e6 6. g4 e5 7. Nf5 h5 8. g5 Nxe4 9. Nxg7+ Bxg7 10. Nxe4 d5 11. Ng3 Bg4 12. Be2 Nc6 13. Bxg4 hxg4 14. Qxg4 Nd4 15. O-O Rh4 16. Qd1 e4 17. f4 Qd7 18. Be3 Qh3 19. Qd2 Nf3+ 20. Rxf3 exf3 21. Re1 O-O-O 22. Bxa7 Rdh8 23. Re3 Qxg3+ 24. hxg3 Rh1+ 25. Kf2 R8h2+ 26. Kxf3 Rxd2 27. Re7 Rxc2 28. Rxf7 Bxb2 29. g6 Rc7 30. Rf8+ Kd7 31. Bb6 Rc6 32. Rd8+ Ke7 33. Ba5 b6 34. Rb8 bxa5 35. Rxb2 Rxg6 36. Rb7+ Kd8 37. Rb5 Rf1+ 38. Ke2 Ra1 39. Rxd5+ Ke7 40. Rxa5 Rxg3 41. Kf2 Rh3 42. f5 Rxa2+ 0-1


[Site "https://www.chess.com"]

[Event "Titled Tuesday Blitz September 27 Early 2022"]
[White "D`Arruda, Ricardo D."]
[Black "Lauridsen, Jesper Morch"]
[WhiteFideId "100692"]
[BlackFideId "1401890"]
[WhiteElo "2472"]
[BlackElo "2232"]
[Result "0-1"]
[Round "04"]
[TimeControl "180+1"]
[Date "2022.09.27"]
[WhiteClock "0:00:09"]
[BlackClock "0:00:11"]

1. d4 Nf6 2. Nf3 g6 3. Nc3 d5 4. Bg5 Nbd7 5. Qd3 Bg7 6. e4 dxe4 7. Nxe4 Nxe4 8. Qxe4 Nf6 9. Qe3 O-O 10. Bc4 c6 11. O-O-O b5 12. Bb3 a5 13. a3 a4 14. Ba2 Bg4 15. Rhe1 Nd5 16. Qe4 Bf5 17. Qh4 f6 18. Bd2 g5 19. Qg3 Kh8 20. h4 g4 21. Nh2 Qd7 22. f3 b4 23. fxg4 Bxc2 24. Kxc2 b3+ 25. Kb1 Rfb8 26. g5 bxa2+ 27. Kxa2 Rb3 28. Qf2 Rab8 29. Bc1 Nc3+ 30. bxc3 Qd5 31. Qf3 Rb2+ 32. Ka1 Qa2# 0-1


[Site "https://www.chess.com"]

[Event "Titled Tuesday Blitz September 27 Early 2022"]
[White "Dahale, Atul"]
[Black "Vagman, Roy"]
[WhiteFideId "5037794"]
[BlackFideId "2828995"]
[WhiteElo "2017"]
[BlackElo "1945"]
[Result "0-1"]
[Round "04"]
[TimeControl "180+1"]
[Date "2022.09.27"]
[WhiteClock "0:01:14"]
[BlackClock "0:02:06"]

1. d4 Nf6 2. c4 g6 3. Nc3 Bg7 4. e4 d6 5. Nf3 Nc6 6. h3 O-O 7. Be3 e5 8. d5 Ne7 9. g4 a5 10. Qd2 Bh8 11. Be2 c6 12. O-O-O cxd5 13. cxd5 a4 14. Kb1 b5 15. Bxb5 Qa5 16. Bxa4 Nxe4 17. Nxe4 Qxa4 18. Nc3 Qd7 19. Rc1 f5 20. gxf5 Qxf5+ 21. Ka1 Qxf3 22. Bg5 Nf5 23. h4 Nd4 24. Qd1 Qxd1 25. Rcxd1 Nb3+ 26. Kb1 Bf5+ 0-1


[Site "https://www.chess.com"]

[Event "Titled Tuesday Blitz September 27 Early 2022"]
[White "Danielyan, Vahe"]
[Black "Gan-Od, Sereenen"]
[WhiteFideId "13304828"]
[BlackFideId "4901304"]
[WhiteElo "2421"]
[BlackElo "2316"]
[Result "1-0"]
[Round "04"]
[TimeControl "180+1"]
[Date "2022.09.27"]
[WhiteClock "0:01:38"]
[BlackClock "0:00:54"]

1. e4 c5 2. Nc3 Nc6 3. Bb5 Nd4 4. Nf3 Nxb5 5. Nxb5 a6 6. Nc3 d6 7. d4 cxd4 8. Qxd4 Nf6 9. Bg5 e5 10. Qd3 Be6 11. O-O-O Rc8 12. Kb1 b5 13. Nd5 Bxd5 14. exd5 Be7 15. Nd2 O-O 16. h4 Nd7 17. Ne4 f6 18. Be3 Qa5 19. Ng3 g6 20. h5 f5 21. hxg6 hxg6 22. Rh6 Kg7 23. Rdh1 Rh8 24. Nxf5+ gxf5 25. Qxf5 Nf6 26. Qg6+ 1-0


[Site "https://www.chess.com"]

[Event "Titled Tuesday Blitz September 27 Early 2022"]
[White "Derjabin, Ilja"]
[Black "Lopez Martinez, Josep Manuel"]
[WhiteFideId "14104768"]
[BlackFideId "2212943"]
[WhiteElo "2341"]
[BlackElo "2471"]
[Result "1-0"]
[Round "04"]
[TimeControl "180+1"]
[Date "2022.09.27"]
[WhiteClock "0:00:04"]
[BlackClock "0:00:01"]

1. d4 Nf6 2. c4 e6 3. Nc3 Bb4 4. a3 Bxc3+ 5. bxc3 b6 6. f3 Ba6 7. e4 Nc6 8. Bg5 h6 9. Bh4 Na5 10. Qa4 g5 11. Bf2 Kf8 12. h4 Rg8 13. hxg5 hxg5 14. Nh3 d6 15. Be3 g4 16. Bh6+ Ke7 17. Nf4 gxf3 18. gxf3 Qe8 19. Qc2 Bxc4 20. e5 dxe5 21. dxe5 Nd5 22. Nxd5+ Bxd5 23. c4 Qc6 24. Qd2 Bxc4 25. Bg5+ Ke8 26. Rd1 Bd5 27. Qb4 Qc5 28. Qf4 Nc4 29. Bxc4 Qxc4 30. Qf6 Qc3+ 31. Rd2 Qc1+ 32. Kf2 Qc5+ 33. Kg3 Kd7 34. Rh7 Kc6 35. Kh4 Kb7 36. Qxf7 Raf8 37. Qd7 Qc4+ 38. f4 Rxf4+ 39. Kh5 Bf3+ 40. Kh6 Be4 41. Qxc7+ Qxc7 42. Rdd7 Qxd7 43. Rxd7+ Kc6 44. Rd6+ Kc5 45. Rxe6 Rf5 46. Bf6 Kd5 47. Re7 Rxf6+ 48. exf6 Rf8 49. Kg7 Rd8 50. f7 Kd6 51. Re8 Rd7 52. Kf6 Rxf7+ 53. Kxf7 Bd5+ 54. Kf6 a5 55. Re3 Kc5 56. Rg3 Bc4 57. Ke5 b5 58. Rg5 Bb3 59. Ke4+ Kc4 60. Rg7 Bc2+ 61. Ke3 Kb3 62. Kd4 Ka4 63. Rg4 Bb3 64. Kc5+ Bc4 65. Rg3 Be2 66. Re3 Bc4 67. Rc3 Bb3 68. Rc1 1-0


[Site "https://www.chess.com"]

[Event "Titled Tuesday Blitz September 27 Early 2022"]
[White "Deuer, Marius"]
[Black "Koellner, Ruben Gideon"]
[WhiteFideId "16236432"]
[BlackFideId "12993093"]
[WhiteElo "2059"]
[BlackElo "2286"]
[Result "1-0"]
[Round "04"]
[TimeControl "180+1"]
[Date "2022.09.27"]
[WhiteClock "0:00:15"]
[BlackClock "0:00:04"]

1. b3 d5 2. Bb2 Nd7 3. Nf3 e6 4. e3 c6 5. c4 Ngf6 6. d4 Bd6 7. Bd3 Ne4 8. O-O f5 9. Ba3 Bxa3 10. Nxa3 O-O 11. b4 a6 12. Rb1 g5 13. Bxe4 fxe4 14. Nd2 Nf6 15. Rb3 Qe8 16. b5 dxc4 17. Naxc4 axb5 18. Nd6 Qg6 19. Qc2 Rd8 20. N6xe4 Nxe4 21. Nxe4 e5 22. dxe5 Bf5 23. f3 Rd5 24. Qf2 Bxe4 25. fxe4 Rxe5 26. Rb4 Qg7 27. a4 bxa4 28. Qa2+ Kh8 29. Rf7 Qg6 30. Rbxb7 Qxe4 31. Qf2 Qg6 32. Rf8+ Qg8 33. Qf6# 1-0


[Site "https://www.chess.com"]

[Event "Titled Tuesday Blitz September 27 Early 2022"]
[White "Devaev, Alexander"]
[Black "Krishnan, Varun"]
[WhiteFideId "4169395"]
[BlackFideId "5054508"]
[WhiteElo "2185"]
[BlackElo "2617"]
[Result "0-1"]
[Round "04"]
[TimeControl "180+1"]
[Date "2022.09.27"]
[WhiteClock "0:00:15"]
[BlackClock "0:00:04"]

1. Nf3 Nf6 2. c4 c6 3. e3 d5 4. b3 g6 5. Bb2 Bg7 6. d4 O-O 7. Bd3 Bg4 8. Nbd2 Nbd7 9. O-O e6 10. Qc2 a5 11. h3 Bf5 12. e4 dxe4 13. Nxe4 Bxe4 14. Bxe4 Nxe4 15. Qxe4 a4 16. Qc2 b5 17. Ne5 Nxe5 18. dxe5 b4 19. Rad1 Qa5 20. f4 axb3 21. axb3 Rfd8 22. Kh2 Qc5 23. Qe4 h5 24. Bd4 Qa5 25. Ra1 Qc7 26. Bc5 Qb7 27. Rfd1 Rxd1 28. Rxd1 Bf8 29. Bxf8 Rxf8 30. Rd6 Rc8 31. Qd3 Qb6 32. Qf3 Rc7 33. Kg3 Qg1 34. Rxc6 h4+ 35. Kxh4 Ra7 36. Rc8+ Kg7 37. Ra8 Qe1+ 38. Kg4 Rxa8 39. Qxa8 Qd1+ 40. Qf3 Qc2 41. Kg3 Qb2 42. h4 Qc2 43. Kh3 Qf5+ 44. g4 Qb1 45. h5 gxh5 46. gxh5 Kh6 47. Qg3 Qf5+ 48. Qg4 Qd3+ 49. Kh4 Qe3 50. Qg5+ Kh7 51. Qg3 Qe4 52. Kg4 Qf5+ 53. Kf3 Qd3+ 54. Kg2 Qe2+ 55. Kh1 Qd1+ 56. Kh2 Qe2+ 57. Qg2 Qe3 58. Qg3 Qd2+ 59. Kh3 Qd1 60. h6 Qh5+ 61. Qh4 Qf3+ 62. Qg3 Qh5+ 63. Kg2 Qe2+ 64. Kh1 Qd1+ 65. Qg1 Qh5+ 66. Kg2 Qe2+ 67. Kg3 Qd3+ 68. Kg4 Qxb3 69. Kh5 Qf3+ 70. Kh4 Qxf4+ 71. Kh3 Qxh6+ 72. Kg2 Qg6+ 73. Kf1 Qxg1+ 74. Kxg1 b3 75. c5 b2 76. c6 b1=Q+ 0-1


[Site "https://www.chess.com"]

[Event "Titled Tuesday Blitz September 27 Early 2022"]
[White "Diaz Perez, Michel Alejandro"]
[Black "Khamdamova, Afruza"]
[WhiteFideId "3517179"]
[BlackFideId "14210444"]
[WhiteElo "2313"]
[BlackElo "1668"]
[Result "1-0"]
[Round "04"]
[TimeControl "180+1"]
[Date "2022.09.27"]
[WhiteClock "0:00:31"]
[BlackClock "0:00:18"]

1. Nf3 Nf6 2. g3 b6 3. Bg2 Bb7 4. O-O g6 5. d3 Bg7 6. e4 O-O 7. e5 Ne8 8. d4 d6 9. Nc3 c5 10. dxc5 bxc5 11. exd6 Nxd6 12. Re1 Nd7 13. Bg5 Nf6 14. Qe2 Re8 15. Rad1 Qb6 16. b3 h6 17. Bf4 Rad8 18. Na4 Qc7 19. Qe3 Rc8 20. c4 Nf5 21. Qc1 Qa5 22. Ne5 Bxg2 23. Kxg2 Nh5 24. Bd2 Qc7 25. Bc3 Nf6 26. h3 Qb7+ 27. Nf3 Ne4 28. Bxg7 Kxg7 29. Qf4 Ng5 30. h4 Ne6 31. Qe4 Qxe4 32. Rxe4 Red8 33. Rd5 Rxd5 34. cxd5 Nc7 35. g4 Nd6 36. Rxe7 Nxd5 37. Rd7 Nf4+ 38. Kg3 Ne2+ 39. Kh2 Nb5 40. Ne5 Rf8 41. Nxc5 a5 42. Ne6+ Kf6 43. Nxf8 Kxe5 44. Re7+ 1-0


[Site "https://www.chess.com"]

[Event "Titled Tuesday Blitz September 27 Early 2022"]
[White "Dushyant Sharma"]
[Black "Eisa Mohmood, Alkhoori"]
[WhiteFideId "25065130"]
[BlackFideId "9316116"]
[WhiteElo "2144"]
[BlackElo "1245"]
[Result "1-0"]
[Round "04"]
[TimeControl "180+1"]
[Date "2022.09.27"]
[WhiteClock "0:01:41"]
[BlackClock "0:00:30"]

1. e4 c5 2. Nf3 d6 3. d4 cxd4 4. Nxd4 Nf6 5. Nc3 g6 6. f4 Bg7 7. e5 Nh5 8. Bb5+ Bd7 9. e6 fxe6 10. Nxe6 Bxc3+ 11. bxc3 Qc8 12. Bxd7+ Kxd7 13. Ng5 Qxc3+ 14. Bd2 Qc4 15. Qg4+ Kd8 16. Rb1 b6 17. Rb4 Qd5 18. Rd4 Nf6 19. Rxd5 Nxg4 20. Nf7+ Ke8 21. Nxh8 1-0


[Site "https://www.chess.com"]

[Event "Titled Tuesday Blitz September 27 Early 2022"]
[White "Erenberg, Ariel"]
[Black "Gorshtein, Ido"]
[WhiteFideId "2811634"]
[BlackFideId "2815532"]
[WhiteElo "2243"]
[BlackElo "2411"]
[Result "1-0"]
[Round "04"]
[TimeControl "180+1"]
[Date "2022.09.27"]
[WhiteClock "0:00:06"]
[BlackClock "0:00:11"]

1. Nf3 Nc6 2. Ng5 h6 3. Nf3 Nf6 4. d4 d6 5. c4 g6 6. Nc3 Bg7 7. d5 Nb8 8. e4 O-O 9. Be2 c6 10. O-O Na6 11. Re1 Nc5 12. Bf1 Bg4 13. h3 Bxf3 14. Qxf3 a5 15. Be3 Nfd7 16. Rad1 Qb6 17. Qe2 a4 18. Qd2 Kh7 19. Rb1 Qa5 20. Qc2 Rfc8 21. Ne2 Nf6 22. Ng3 cxd5 23. exd5 b5 24. Bxc5 Rxc5 25. Rxe7 Ra7 26. Rbe1 Nxd5 27. Rxa7 Qxa7 28. Qe4 a3 29. cxd5 axb2 30. Bd3 Rc1 31. Rf1 Qxa2 32. Ne2 Rxf1+ 33. Kxf1 f5 34. Bb1 Qb3 35. Qd3 Qb4 36. g4 fxg4 37. Qxg6+ Kg8 38. hxg4 Qd2 39. Qe6+ Kf8 40. Kg2 Be5 41. Bg6 1-0


[Site "https://www.chess.com"]

[Event "Titled Tuesday Blitz September 27 Early 2022"]
[White "Eynullayev, Atilla"]
[Black "Valle Maytin, Luis Enrique"]
[WhiteFideId "13413570"]
[BlackFideId "3503666"]
[WhiteElo "1936"]
[BlackElo "2225"]
[Result "1/2-1/2"]
[Round "04"]
[TimeControl "180+1"]
[Date "2022.09.27"]
[WhiteClock "0:00:22"]
[BlackClock "0:00:23"]

1. d4 Nf6 2. c4 e6 3. Nc3 Bb4 4. e3 O-O 5. Bd3 d5 6. Nf3 c5 7. cxd5 exd5 8. dxc5 Nbd7 9. Bd2 Nxc5 10. Be2 Be6 11. a3 Bxc3 12. Bxc3 Nfe4 13. Bd4 b6 14. O-O Rc8 15. a4 f6 16. b4 Nb7 17. a5 Nbd6 18. axb6 axb6 19. Ra6 b5 20. Qa1 Ra8 21. Bc5 Nxc5 22. bxc5 Nc4 23. Nd4 Bf7 24. c6 b4 25. c7 Qc8 26. Rxa8 Qxa8 27. Qxa8 Rxa8 28. Bg4 Nd6 29. Rb1 g6 30. Bd7 Be8 31. Be6+ Bf7 32. Bxf7+ Kxf7 33. g3 Rc8 34. Rxb4 Rxc7 35. Rb6 Ne4 36. Rc6 Rb7 37. Kg2 Rb2 38. Rc2 Rxc2 39. Nxc2 Ke6 40. Kf3 Ng5+ 41. Ke2 Kd6 42. Nd4 Ne6 43. Kd3 Nc5+ 44. Kd2 h5 45. f3 Ne6 46. Kc3 Nc7 47. Kb4 Ne6 48. Kc3 Nc5 49. Ne2 g5 50. h4 Ne6 51. Kd3 Nc5+ 52. Kd4 Ne6+ 53. Kd3 Nc5+ 54. Kd4 Ne6+ 55. Kc3 Nc5 56. Kd4 1/2-1/2


[Site "https://www.chess.com"]

[Event "Titled Tuesday Blitz September 27 Early 2022"]
[White "Ezat, Mohamed"]
[Black "Haitin, Ilja"]
[WhiteFideId "10600906"]
[BlackFideId "4501764"]
[WhiteElo "2386"]
[BlackElo "2243"]
[Result "0-1"]
[Round "04"]
[TimeControl "180+1"]
[Date "2022.09.27"]
[WhiteClock "0:00:09"]
[BlackClock "0:00:36"]

1. d4 d6 2. c4 e5 3. Nf3 e4 4. Ng5 f5 5. h4 Be7 6. Nh3 Nf6 7. Bg5 c6 8. Nc3 O-O 9. e3 a6 10. Nf4 b5 11. a3 bxc4 12. Bxc4+ d5 13. Ba2 Ra7 14. h5 Ng4 15. Bxe7 Qxe7 16. Ncxd5 cxd5 17. Nxd5 Qg5 18. f4 exf3 19. gxf3 Nxe3 20. Nxe3+ Kh8 21. Kf2 Re7 22. Qd3 Rfe8 23. Rae1 f4 24. Ng2 Qg3+ 25. Kf1 Rxe1+ 0-1


[Site "https://www.chess.com"]

[Event "Titled Tuesday Blitz September 27 Early 2022"]
[White "Fawzy, Adham"]
[Black "Cramling Bellon, Anna"]
[WhiteFideId "10613129"]
[BlackFideId "32009232"]
[WhiteElo "2541"]
[BlackElo "1905"]
[Result "1-0"]
[Round "04"]
[TimeControl "180+1"]
[Date "2022.09.27"]
[WhiteClock "0:00:19"]
[BlackClock "0:00:01"]

1. e4 c5 2. Nf3 e6 3. g3 d5 4. exd5 exd5 5. d4 cxd4 6. Nxd4 Nf6 7. Bg2 Nc6 8. O-O Be7 9. Be3 O-O 10. Nd2 Be6 11. N2f3 Rc8 12. c3 Ne4 13. Qe2 Nxd4 14. Nxd4 Nd6 15. Nxe6 fxe6 16. Bxa7 b6 17. Qxe6+ Kh8 18. Bxb6 Qxb6 19. Qxe7 Rce8 20. Qg5 Qxb2 21. Qxd5 Nf5 22. Qb3 Qd2 23. Rad1 Qg5 24. Rfe1 Nh6 25. Rxe8 Rxe8 26. Qd5 Qf6 27. c4 Ng4 28. Qf3 Qg5 29. h4 Qh5 30. Bh3 Nf6 31. Qxh5 Nxh5 32. Kg2 g6 33. c5 Re7 34. c6 Rc7 35. Rd8+ Kg7 36. Rd7+ Rxd7 37. cxd7 1-0


[Site "https://www.chess.com"]

[Event "Titled Tuesday Blitz September 27 Early 2022"]
[White "Fernandez De La Vara, Arnaldo"]
[Black "Ibrahimli, Murad"]
[WhiteFideId "3518388"]
[BlackFideId "13410229"]
[WhiteElo "2387"]
[BlackElo "2109"]
[Result "0-1"]
[Round "04"]
[TimeControl "180+1"]
[Date "2022.09.27"]
[WhiteClock "0:00:02"]
[BlackClock "0:00:57"]

1. Nf3 Nf6 2. g3 g6 3. b3 Bg7 4. Bb2 O-O 5. Bg2 d6 6. d4 Nbd7 7. O-O a5 8. c4 a4 9. b4 Nb6 10. Na3 c6 11. Re1 Bf5 12. Nh4 Be6 13. Qc2 d5 14. c5 Nbd7 15. Nb1 Ne4 16. a3 f5 17. Nf3 g5 18. Nc3 g4 19. Nh4 Qe8 20. f3 Bxd4+ 21. Kf1 Qh5 22. Nxd5 Bxb2 23. Nxe7+ Kf7 24. Qxb2 Kxe7 25. fxe4 f4 26. Kg1 Qe5 27. Qd2 fxg3 28. Rad1 gxh2+ 29. Kh1 Rad8 30. Qh6 Rf7 31. Nf5+ Bxf5 32. exf5 Nf6 33. Rxd8 Kxd8 34. Rd1+ Kc7 35. Rd6 g3 36. Qg5 Qa1+ 0-1


[Site "https://www.chess.com"]

[Event "Titled Tuesday Blitz September 27 Early 2022"]
[White "Fernandez Hernandez, Gerardo"]
[Black "Hansen, Torbjorn Ringdal"]
[WhiteFideId "2207400"]
[BlackFideId "1501720"]
[WhiteElo "2175"]
[BlackElo "2383"]
[Result "1/2-1/2"]
[Round "04"]
[TimeControl "180+1"]
[Date "2022.09.27"]
[WhiteClock "0:00:03"]
[BlackClock "0:00:06"]

1. e4 c6 2. d4 d5 3. exd5 cxd5 4. c4 Nf6 5. Nc3 g6 6. Qb3 Bg7 7. cxd5 O-O 8. Be2 Na6 9. Bf3 Nc7 10. Nge2 Rb8 11. Bf4 b5 12. Nxb5 Rxb5 13. Bxc7 Qd7 14. Qa4 Nxd5 15. Rc1 Nxc7 16. Bc6 Qf5 17. Bxb5 Nxb5 18. Rc5 Qb1+ 19. Rc1 Qxb2 20. O-O Qxe2 21. Rfe1 Nxd4 22. Rxe2 Nxe2+ 23. Kf1 Nxc1 24. Qc4 Bh6 25. f4 Nd3 26. Qxd3 Bxf4 27. g3 Bd6 28. Qe3 a5 29. Qa7 Bh3+ 30. Kf2 Rc8 31. Qxa5 Rc2+ 32. Kf3 Bg2+ 33. Ke3 Bh3 34. a4 Be6 35. Qd8+ Kg7 36. a5 Ra2 37. Qb6 Bc4 38. a6 Rxa6 39. Qd4+ f6 40. Qxc4 Ra3+ 41. Ke4 h5 42. Kd5 Ra5+ 43. Ke6 Re5+ 44. Kd7 g5 45. Qc8 h4 46. Ke8 hxg3 47. hxg3 Re3 48. Qc2 Rxg3 49. Qc4 g4 50. Qf7+ Kh6 51. Qf8+ Kg5 52. Qg7+ Kf4 53. Qh6+ Kf3 54. Qh1+ Rg2 55. Qf1+ Kg3 56. Qe1+ Kh3 57. Qh1+ Rh2 58. Qf1+ Kh4 59. Qe1+ Bg3 60. Qxe7 Kh3 61. Qh7+ Kg2 62. Qc2+ Bf2 63. Qe4+ Kg1 64. Qxg4+ Rg2 65. Qd1+ Kh2 66. Qh5+ Kg1 67. Qd1+ Kh2 68. Qh5+ Kg3 69. Qf5 Be3 70. Qe4 Re2 71. Qg6+ Bg5+ 72. Kf7 Re5 73. Qh5 Kf4 74. Qd1 Kg3 75. Qg1+ Kf4 1/2-1/2


[Site "https://www.chess.com"]

[Event "Titled Tuesday Blitz September 27 Early 2022"]
[White "Fiorito, Joaquin"]
[Black "Visakh N R"]
[WhiteFideId "180173"]
[BlackFideId "25012223"]
[WhiteElo "1758"]
[BlackElo "2448"]
[Result "1-0"]
[Round "04"]
[TimeControl "180+1"]
[Date "2022.09.27"]
[WhiteClock "0:02:25"]
[BlackClock "0:01:51"]

1. d4 Nf6 2. Nc3 d5 3. Bf4 e6 4. Nb5 Na6 5. e3 c6 6. Nc3 Bd6 7. Bxd6 Qxd6 8. Bxa6 bxa6 9. Na4 Nd7 10. Nf3 a5 11. O-O Ba6 12. Re1 O-O 13. b3 Bb5 14. Nb2 Qa3 15. Nd3 Ba4 16. bxa4 1-0


[Site "https://www.chess.com"]

[Event "Titled Tuesday Blitz September 27 Early 2022"]
[White "Fromm, Marius"]
[Black "Hardaway, Brewington"]
[WhiteFideId "12993190"]
[BlackFideId "30941849"]
[WhiteElo "2312"]
[BlackElo "1813"]
[Result "0-1"]
[Round "04"]
[TimeControl "180+1"]
[Date "2022.09.27"]
[WhiteClock "0:00:01"]
[BlackClock "0:00:27"]

1. e4 c5 2. Nf3 d6 3. d4 cxd4 4. Nxd4 Nf6 5. Nc3 Nc6 6. f3 g6 7. Be3 Bg7 8. Qd2 O-O 9. O-O-O Bd7 10. g4 Rc8 11. h4 h5 12. gxh5 Nxh5 13. Rg1 Ne5 14. f4 Ng4 15. Be2 Nxe3 16. Qxe3 Rxc3 17. bxc3 Qa5 18. Rg5 Qa3+ 19. Kb1 Nxf4 20. Qxf4 e5 21. Qc1 Qxc1+ 22. Kxc1 exd4 23. cxd4 Bh6 24. Kb2 Bxg5 25. hxg5 Re8 26. Bf3 Bc6 27. Re1 Kg7 28. Kc3 Rc8 29. Kd2 Ba4 30. c3 Bc6 31. d5 Ba4 32. e5 dxe5 33. Rxe5 Rd8 34. Re7 Rd7 35. Rxd7 Bxd7 36. Ke3 f6 37. Kf4 Kf7 38. Bg2 b6 39. a3 Ke7 40. d6+ Ke6 41. gxf6 Kxf6 0-1


[Site "https://www.chess.com"]

[Event "Titled Tuesday Blitz September 27 Early 2022"]
[White "Gallegos Diaz, Carlos Alberto"]
[Black "Dowgird, Filip"]
[WhiteFideId "3900886"]
[BlackFideId "1121235"]
[WhiteElo "2362"]
[BlackElo "2215"]
[Result "0-1"]
[Round "04"]
[TimeControl "180+1"]
[Date "2022.09.27"]
[WhiteClock "0:00:01"]
[BlackClock "0:00:23"]

1. e4 d6 2. d4 Nf6 3. Nc3 c6 4. Be3 Qb6 5. Rb1 Ng4 6. Bg5 e5 7. Nf3 h6 8. Bh4 Nd7 9. h3 Ngf6 10. Bc4 Qc7 11. O-O b5 12. Bb3 a6 13. Re1 Bb7 14. a3 Be7 15. dxe5 dxe5 16. Bg3 O-O 17. Nd4 Rfe8 18. Nf5 Bf8 19. Qf3 g6 20. Nh4 Kg7 21. Rbd1 Nc5 22. Ba2 Rad8 23. Qe3 Rxd1 24. Rxd1 Ne6 25. Nf3 Bc5 26. Bxe5 Bxe3 27. Bxc7 Bxf2+ 28. Kxf2 Nxc7 29. e5 Nfd5 30. Ne4 Bc8 31. Nd6 Rd8 32. c4 bxc4 33. Bxc4 Be6 34. b3 Nb5 35. Nb7 Rb8 36. Na5 Nxa3 37. Nxc6 Rb6 38. Nd8 Nxc4 39. bxc4 Nf4 40. Kg3 g5 41. c5 Rb2 42. Rd2 Rb3 43. c6 Rc3 44. Rd6 Bd5 45. Rf6 a5 46. Kh2 Rc2 47. Kh1 a4 0-1


[Site "https://www.chess.com"]

[Event "Titled Tuesday Blitz September 27 Early 2022"]
[White "Gareyev, Timur"]
[Black "Omelja, Artem"]
[WhiteFideId "14200937"]
[BlackFideId "14119846"]
[WhiteElo "2552"]
[BlackElo "2382"]
[Result "1-0"]
[Round "04"]
[TimeControl "180+1"]
[Date "2022.09.27"]
[WhiteClock "0:00:13"]
[BlackClock "0:00:01"]

1. c4 c6 2. Nf3 d5 3. g3 dxc4 4. Bg2 b5 5. O-O Nf6 6. d3 cxd3 7. Ne5 Bb7 8. Nc3 a6 9. a4 e6 10. Nxd3 Nbd7 11. Bf4 Qc8 12. Rc1 b4 13. Ne4 Nxe4 14. Bxe4 c5 15. Bf3 Bxf3 16. exf3 Qb7 17. Ne5 Nxe5 18. Bxe5 Rd8 19. Qe2 f6 20. Bf4 e5 21. Be3 Be7 22. f4 O-O 23. fxe5 fxe5 24. Bxc5 Bxc5 25. Rxc5 e4 26. Re5 Rde8 27. Qc4+ Kh8 28. Qc5 h6 29. Re1 Rxe5 30. Qxe5 Qc6 31. Qxe4 Qxa4 32. Qe7 Rg8 33. h4 Qb3 34. Qe5 a5 35. Re3 Qd1+ 36. Kg2 a4 37. Qa5 Rb8 38. Qe5 1-0


[Site "https://www.chess.com"]

[Event "Titled Tuesday Blitz September 27 Early 2022"]
[White "Garv Gaur"]
[Black "Moaataz, Ayah"]
[WhiteFideId "45030839"]
[BlackFideId "10615873"]
[WhiteElo "1950"]
[BlackElo "1993"]
[Result "1-0"]
[Round "04"]
[TimeControl "180+1"]
[Date "2022.09.27"]
[WhiteClock "0:01:27"]
[BlackClock "0:00:59"]

1. d4 d5 2. Nf3 Nf6 3. c4 c6 4. g3 Bf5 5. Nc3 e6 6. Nh4 Bg6 7. Nxg6 hxg6 8. Qd3 Nbd7 9. Bg2 Bd6 10. O-O Ng4 11. h3 Nh6 12. e4 dxe4 13. Nxe4 Bc7 14. Bg5 Qb8 15. Rfe1 Nf5 16. d5 cxd5 17. cxd5 e5 18. d6 Bb6 19. Nc3 Qxd6 20. Nd5 O-O 21. g4 Nd4 22. Be7 Qe6 23. Bxf8 Rxf8 24. Rad1 Ba5 25. Re3 Bd8 26. Nc3 Nc5 27. Qb1 Bg5 28. Ree1 Bf4 29. Rxd4 exd4 30. Rxe6 Nxe6 31. Nd5 Bg5 32. Qe4 Rc8 33. f4 Rc1+ 34. Kh2 Bh4 35. f5 gxf5 36. gxf5 Ng5 37. Qxh4 1-0


[Site "https://www.chess.com"]